 Dungeon Crawl Stone Soup version 0.30-a0-54-g2e61a25929 (webtiles) character file.

Game seed: 15993903841721453747

955 123456 the Digger (level 8, -5/41 HPs)
             Began as a Gargoyle Earth Elementalist on Aug 25, 2022.
             Was a Follower of Vehumet.
             Slain by a wight
             ... wielding a +0 morningstar
              (12 damage)
             ... on level 6 of the Dungeon on Sept 7, 2022.
             The game lasted 00:06:28 (5902 turns).

123456 the Digger (Gargoyle Earth Elementalist)     Turns: 5902, Time: 00:06:28

Health: -5/41      AC:  8    Str: 12    XL:     8   Next: 14%
Magic:  2/15       EV: 12    Int: 18    God:    Vehumet [*.....]
Gold:   226        SH:  0    Dex: 10    Spells: 12/16 levels left

rFire   . . .      SeeInvis .    w - +2 whip (elec)
rCold   + . .      Faith    .    (no shield)
rNeg    + . .      Spirit   .    a - +0 robe
rPois   ∞          Reflect  .    (helmet restricted)
rElec   +          Harm     .    (no cloak)
rCorr   .          Rampage  .    (no gloves)
Will    .....                    s - +0 pair of boots
Stlth   ++........               (no amulet)
HPRegen 0.13/turn                i - ring of protection from cold
MPRegen 0.14/turn                t - ring of wizardry

@: no status effects
A: sickness immunity, AC +5, negative energy resistance 1, electricity
resistance, torment resistance 1, petrification resistance, antennae 1, hooves 1
a: Renounce Religion


You were on level 6 of the Dungeon.
You worshipped Vehumet.
Vehumet was aware of your devotion.
You visited 2 branches of the dungeon, and saw 7 of its levels.

You collected 295 gold pieces.
You spent 69 gold pieces at shops.

Inventory:

Hand Weapons
 w - a +2 whip of electrocution (weapon)
Missiles
 v - a throwing net
Armour
 a - a +0 robe (worn)
 s - a +0 pair of boots (worn)
Jewellery
 i - a ring of protection from cold (left hand)
 k - a +4 ring of protection
 t - a ring of wizardry (right hand)
Scrolls
 j - a scroll of silence {unknown}
 l - a scroll of enchant armour {unknown}
 m - a scroll of teleportation {unknown}
 n - 4 scrolls of poison
 q - a scroll of fog {unknown}
 r - 2 scrolls of summoning
 u - a scroll of enchant weapon {unknown}
Potions
 b - 3 potions of magic
 c - 3 potions of attraction
 d - a potion of brilliance {unknown}
 e - 2 potions of heal wounds {unknown}
 f - 3 potions of haste
 g - 2 potions of degeneration {unknown}
 h - a potion of curing {unknown}
 o - 2 potions of lignification {unknown}
 p - a potion of invisibility {unknown}


   Skills:
 + Level 3.2 Dodging
 + Level 4.7 Stealth
 * Level 4.8 Spellcasting
 + Level 3.1 Conjurations
 - Level 0.7 Transmutations
 * Level 6.9 Earth Magic


You had 12 spell levels left.
You knew the following spells:

 Your Spells              Type           Power      Damage    Failure   Level
a - Sandblast             Erth           58%        2d13      1%          1
b - Stone Arrow           Conj/Erth      44%        3d9       1%          3

Your spell library contained the following spells:

 Spells                   Type           Power      Damage    Failure   Level
 Shock                    Conj/Air       36%        1d5       2%          1
 Passwall                 Tmut/Erth      15%        N/A       1%          2
 Dazzling Flash           Conj/Hex       18%        N/A       9%          3
 Petrify                  Tmut/Erth      18%        N/A       12%         4
 Leda's Liquefaction      Hex/Erth       8%         N/A       13%         4
 Call Canine Familiar     Summ           4%         N/A       16%         3
 Ozocubu's Armour         Ice            4%         N/A       16%         3
 Portal Projectile        Hex/Tloc       8%         N/A       16%         3
 Iskenderun's Mystic Bla  Conj/Tloc      9%         2d4       26%         4
 Starburst                Conj/Fire      4%         6d4       98%         6
 Ozocubu's Refrigeration  Ice            2%         4d7       100%        7


Dungeon Overview and Level Annotations

Branches:
Dungeon (6/15)             Temple (1/1) D:4

Altars:
Ashenzari
Cheibriados
Dithmenos
Elyvilon
Kikubaaqudgha
Nemelex Xobeh
Okawaru
Qazlal
Ru
Sif Muna
Trog
Vehumet
Wu Jian
Xom
Yredelemnul
The Shining One

Shops:
D:1 [   D:3 [   D:4 *


Innate Abilities, Weirdness & Mutations

You are immune to sickness and miasma.
Your stone body is resilient. (AC +5)
You are immune to poison.
You resist negative energy. (rN+)
You are resistant to electric shocks. (rElec)
You are resistant to unholy torment.
You are immune to petrification.
You have a pair of small antennae on your head.
You have large cloven feet.


Message History

Vehumet offers you knowledge of Shock.
The bullfrog gives a loud, deep croak!
You have reached level 8!
You feel stronger.
The blast of sand hits the orc!!
You kill the orc!
Vehumet accepts your kill. The orc misses you.
Your Conjurations skill increases to level 3!
The blast of sand hits the orc.
The orc is heavily wounded.
The orc barely misses you.
The blast of sand hits the orc!
You kill the orc!
Vehumet accepts your kill. The black bear bites you.
The black bear closely misses you. The black bear barely misses you.
The blast of sand hits the black bear.
The black bear is moderately wounded.
The black bear bites you but does no damage.
The black bear claws you but does no damage.
The black bear barely misses you.
The blast of sand hits the black bear!
The black bear is severely wounded.
The black bear barely misses you. The black bear closely misses you. x2
The black bear bites you.
The black bear claws you but does no damage.
The black bear barely misses you.
The blast of sand hits the black bear!
You kill the black bear!
Vehumet accepts your kill.
Unknown command.
The blast of sand hits the wight.
The wight is lightly damaged.
The wight hits you with a +0 morningstar! x2
* * * LOW HITPOINT WARNING * * *
You are too injured to fight recklessly!
The wight attacks as you move away!
The wight hits you with a +0 morningstar!
You die...

##.........
#......... #........
#.......######
#..........#..
#.......##.#.#
#..........#.#####
#....#....##o....###
####.#<.@zzKY)......
#.###.###F....... #.
...# #####....
####### ... .


You could see a sky beast, a kobold brigand, a bullfrog, 2 wights and an orc.

Vanquished Creatures
  An ice beast (D:5)
  3 black bears
  An ogre (D:4)
  A scorpion (D:4)
  A wight (D:6)
  2 gnoll boudas
  2 iguanas
  9 gnolls
  9 adders
  A white imp (D:5)
  2 worms (D:3)
  4 dart slugs
  7 orcs
  4 endoplasms
  7 giant cockroaches
  7 goblins
  9 hobgoblins
  7 jackals (D:1)
  9 ball pythons
  6 bats
  2 frilled lizards
  10 kobolds
  5 rats
109 creatures vanquished.

Vanquished Creatures (others)
  A human (D:3)
1 creature vanquished.

Grand Total: 110 creatures vanquished

Notes
Turn   | Place    | Note
-------+----------+-------------------------------------------
     0 | D:1      | 123456 the Gargoyle Earth Elementalist began the quest for
                  | the Orb.
     0 | D:1      | Reached XP level 1. HP: 10/10 MP: 3/3
    53 | D:1      | Found Cecvoacw's Antique Armour Shop.
   209 | D:1      | Reached XP level 2. HP: 14/15 MP: 1/5
   485 | D:1      | Reached skill level 4 in Earth Magic
   650 | D:1      | Reached XP level 3. HP: 15/19 MP: 0/6
  1479 | D:2      | Found a faded altar of an unknown god.
  1517 | D:2      | Reached XP level 4. HP: 24/24 MP: 5/8
  1646 | D:2      | Found a shimmering blue altar of Sif Muna.
  2168 | D:2      | Learned a level 3 spell: Stone Arrow
  2573 | D:3      | Reached XP level 5. HP: 28/28 MP: 7/9
  2902 | D:3      | Found Muesuef's Armour Emporium.
  2909 | D:3      | Bought a +0 pair of boots for 49 gold pieces
  2936 | D:3      | Found an ancient bone altar of Kikubaaqudgha.
  2937 | D:3      | Noticed a human
  2939 | D:3      | Killed a human
  3093 | D:4      | Found a staircase to the Ecumenical Temple.
  3101 | D:4      | Noticed an ogre
  3107 | D:4      | Killed an ogre
  3108 | D:4      | Reached skill level 1 in Conjurations
  3108 | D:4      | Reached skill level 5 in Earth Magic
  3108 | D:4      | Reached XP level 6. HP: 7/32 MP: 1/11
  3365 | Temple   | Entered the Ecumenical Temple
  3382 | Temple   | Became a worshipper of Vehumet
  3431 | D:4      | Found Atavaogg's General Store.
  3447 | D:4      | Bought a scroll of identify for 20 gold pieces
  3461 | D:4      | Gained mutation: You are covered in fur. (AC +1) [potion of
                  | mutation]
  3461 | D:4      | Gained mutation: Your spells are a little easier to cast,
                  | but a little less powerful. [potion of mutation]
  3462 | D:4      | Lost mutation: Your spells are a little easier to cast, but
                  | a little less powerful. [potion of mutation]
  3462 | D:4      | Lost mutation: You are covered in fur. (AC +1) [potion of
                  | mutation]
  3462 | D:4      | Gained mutation: Your body sometimes deteriorates upon
                  | taking damage. [potion of mutation]
  3462 | D:4      | Gained mutation: You are occasionally teleported next to
                  | monsters. [potion of mutation]
  3463 | D:4      | Lost mutation: You are occasionally teleported next to
                  | monsters. [potion of mutation]
  3463 | D:4      | Lost mutation: Your body sometimes deteriorates upon taking
                  | damage. [potion of mutation]
  3463 | D:4      | Gained mutation: You have a pair of small antennae on your
                  | head. [potion of mutation]
  3463 | D:4      | Gained mutation: You have large cloven feet. [potion of
                  | mutation]
  4489 | D:5      | Entered Level 5 of the Dungeon
  4592 | D:5      | Noticed a black bear
  4596 | D:5      | Killed a black bear
  4596 | D:5      | Noticed an ice beast
  4596 | D:5      | Noticed a black bear
  4597 | D:5      | Reached skill level 6 in Earth Magic
  4597 | D:5      | Reached XP level 7. HP: 36/36 MP: 5/13
  4676 | D:4      | Upgraded the game from 0.30-a0-23-ge60ba3568b to
                  | 0.30-a0-54-g2e61a25929
  5892 | D:6      | Reached * piety under Vehumet
  5892 | D:6      | Offered knowledge of Shock by Vehumet.
  5893 | D:6      | Reached XP level 8. HP: 35/41 MP: 7/15
  5902 | D:6      | Slain by a wight

Illustrated notes

Levels and vault maps discovered:
D:1:      dpeg_arrival_signposts, layout_basic, serial_shops, shop,
          minmay_misc_feat_tower
D:2:      layout_basic, ebering_ecumenical_altar_mist, basic_altar
D:3:      layout_rooms, tgw_kikubaaqudgha, serial_shops, shop,
          serial_park_tiny_pond
D:4:      minmay_inner_zag, layout_basic, minmay_temple_entry_glassed_door,
          serial_shops, shop, kennysheep_generic_room_6
D:5:      layout_layer_cave
D:6:      layout_basic, nzn_hepliaklqana_mist_gate
Temple:   hellmonk_temple_two_chambers

Skill      XL: |  1  2  3  4  5  6  7  8 |
---------------+-------------------------+-----
Earth Magic    | 4 5 6 |  6.9
Stealth        | 3 4 |  4.7
Dodging        | 2 3 |  3.2
Spellcasting   | 3 4 |  4.8
Conjurations   | 1 2 3 |  3.1
Transmutations | |  0.7

Action                   |  1- 3 |  4- 6 |  7- 9 || total
-------------------------+-------+-------+-------++-------
Melee: Unarmed           |    16 |       |       ||    16
       Dagger            |    31 |       |       ||    31
       Whip              |     2 |     8 |     5 ||    15
 Cast: Sandblast         |    43 |    79 |    34 ||   156
       Stone Arrow       |       |     9 |     5 ||    14
  Use: Scroll            |       |     5 |     2 ||     7
       Potion            |       |     3 |       ||     3
Armor: Robe              |    18 |    16 |    25 ||    59
Dodge: Dodged            |    61 |    36 |    45 ||   142

Table legend: (Time is in decaauts)
 A = Elapsed time spent in this place.
 B = Non-inter-level travel time spent in this place.
 C = Inter-level travel time spent in this place.
 D = Time resting spent in this place.
 E = Time spent auto-exploring this place.
 F = Levels seen in this place.
 G = Mean time per level.
                   A        B        C        D        E       F      G
               +--------+--------+--------+--------+--------+-----+--------+
         Total |   5978 |   5827 |    151 |    337 |   4708 |   7 |  854.0 |
       Dungeon |   5954 |   5803 |    151 |    337 |   4698 |   6 |  992.3 |
        Temple |     23 |     23 |      0 |      0 |     10 |   1 |   23.0 |
               +--------+--------+--------+--------+--------+-----+--------+

Top non-repeatable levels by time:
     D:4: 1613 daAuts
     D:1: 1353 daAuts
     D:5: 1225 daAuts
     D:2: 1018 daAuts
     D:3: 707 daAuts
     D:6: 35 daAuts
  Temple: 23 daAuts
